 Dungeon Crawl Stone Soup version 0.30-a0-149-g7f746667c4 (webtiles) character file.

Game seed: 16275515522142799768

1236 Sobieck the Covert (level 8, -2/39 HPs)
             Began as a Vine Stalker Brigand on Sept 26, 2022.
             Was a Follower of Uskayaw.
             Slain by a small abomination (11 damage)
             ... on level 1 of the Abyss.
             The game lasted 00:13:16 (5715 turns).

Sobieck the Covert (Vine Stalker Brigand)           Turns: 5715, Time: 00:13:17

Health: -2/39      AC:  9    Str: 14    XL:     8   Next: 49%
Magic:  0/9        EV: 13    Int: 11    God:    Uskayaw [*.....]
Gold:   141        SH:  0    Dex: 18    Spells: 7/7 levels left

rFire   . . .      SeeInvis +    a - +3 dagger (freeze) {short}
rCold   . . .      Faith    .    (no shield)
rNeg    . . .      Spirit   +    b - +1 robe
rPois   .          Reflect  .    (no helmet)
rElec   .          Harm     .    g - +2 cloak of the Thief {*Fog Slay-2 SInv Stlth+}
rCorr   +          Rampage  .    u - +2 pair of gloves
Will    +....                    (no boots)
Stlth   ++++++....               (no amulet)
HPRegen 0.93/turn                t - ring of resist corrosion
MPRegen 0.11/turn                w - ring of see invisible

@: no status effects
A: fangs 3, regeneration 1, magic shield, antimagic bite, no potion heal 2
a: Renounce Religion, Stomp


You were on level 1 of the Abyss.
You worshipped Uskayaw.
Uskayaw was noncommittal.
You visited 2 branches of the dungeon, and saw 6 of its levels.
You visited the Abyss 1 time.
You also visited: Sewer.

You collected 197 gold pieces.
You spent 56 gold pieces at shops.


Innate Abilities, Weirdness & Mutations

You have razor-sharp teeth.
Your natural rate of healing is unusually fast.
When hurt, damage is shared between your health and your magic reserves.
Your bite disrupts and absorbs the magic of your enemies.
Potions cannot restore your health.


   Skills:
 - Level 2.0 Fighting
 + Level 4.4 Short Blades
 - Level 1.7 Throwing
 - Level 3.0 Dodging
 + Level 11.4 Stealth


You had 7 spell levels left.
You didn't know any spells.
Your spell library contained the following spells:

 Spells                   Type           Power      Damage    Failure   Level
 Foxfire                  Conj/Fire      0%         2x1d4     34%         1
 Magic Dart               Conj           0%         1d3       34%         1
 Scorch                   Fire           0%         2d5       47%         2
 Searing Ray              Conj           0%         2d4       47%         2
 Sublimation of Blood     Necr           0%         N/A       47%         2
 Wereblood                Tmut           0%         N/A       47%         2
 Inner Flame              Hex/Fire       0%         N/A       71%         3
 Kindle Blastsparks       Fire/Tloc/Air  0%         2d10      71%         3
 Ozocubu's Armour         Ice            0%         N/A       71%         3
 Flame Wave               Conj/Fire      0%         2d4       98%         4
 Fulminant Prism          Conj/Hex       0%         3d6       98%         4
 Metabolic Englaciation   Hex/Ice        0%         N/A       100%        5
 Simulacrum               Ice/Necr       0%         N/A       100%        6
 Summon Cactus Giant      Summ           0%         N/A       100%        6
 Summon Hydra             Summ           0%         N/A       100%        7

Inventory:

Hand Weapons
 a - a +3 dagger of freezing (weapon) {short}
 H - a +0 short sword {short}
   (You took it off a kobold on level 3 of the Dungeon)
Missiles
 d - 10 poisoned darts (quivered) {throwing}
 e - 3 curare-tipped darts {=fthrowing}
 C - 27 stones {throwing}
 K - a throwing net {=f!fthrowing}
Armour
 b - a +1 robe (worn)
 c - a +0 cloak
 g - the +2 cloak of the Thief (worn) {*Fog Slay-2 SInv Stlth+}
   (You acquired it on level 4 of the Dungeon)

   It may release a thick cloud of smoke when the wearer is hurt.
   Slay:      It affects your accuracy & damage with ranged weapons and melee
   (-2).
   SInv:      It lets you see invisible.
   Stlth:     It makes you more stealthy.
 h - a +0 plate armour
   (You found it on level 1 of the Dungeon)
 o - a +0 leather armour
   (You found it on level 4 of the Dungeon)
 r - a +0 robe
   (You took it off a goblin on level 4 of the Dungeon)
 u - a +2 pair of gloves (worn)
   (You found it on level 2 of the Dungeon)
 x - a +0 ring mail
   (You took it off a goblin on level 2 of the Dungeon)
 y - a +0 animal skin
   (You took it off Robin on level 4 of the Dungeon)
 A - a +0 helmet
   (You took it off Robin on level 4 of the Dungeon)
 G - a +0 plate armour
   (You found it on level 3 of the Dungeon)
 I - a +0 leather armour
   (You found it on level 3 of the Dungeon)
Jewellery
 t - a ring of resist corrosion (left hand)
   (You found it on level 2 of the Dungeon)
 w - a ring of see invisible (right hand)
   (You found it on level 2 of the Dungeon)
 M - a ring of protection from cold
   (You found it on level 5 of the Dungeon)
Wands
 E - a wand of paralysis (4)
   (You found it on level 4 of the Dungeon)
Scrolls
 f - 3 scrolls of blinking {!r}
 l - a scroll of poison {!r}
 m - 2 scrolls of teleportation {@r4}
 q - a scroll of magic mapping {!r}
 s - 2 scrolls of immolation {!r!r}
 v - a scroll of enchant weapon
 D - 2 scrolls of enchant armour
 J - 2 scrolls of summoning {unknown}
 N - a scroll of amnesia {unknown}
 O - a scroll of brand weapon
 P - a scroll of fog
Potions
 j - a potion of curing {@q1}
 k - a potion of attraction {!q}
 n - a potion of degeneration {!q@e2}
 p - 2 potions of flight
 z - a potion of cancellation {unknown}
 B - 2 potions of heal wounds {@q2}
 F - a potion of lignification {!q}
 L - a potion of mutation {unknown}

Dungeon Overview and Level Annotations

Branches:
Dungeon (5/15) Zot: 24628  Temple (1/1) D:4 Zot: 5955   Sewer (visited)

Altars:
Ashenzari
Dithmenos
Elyvilon
Gozag
Hepliaklqana
Kikubaaqudgha
Makhleb
Nemelex Xobeh
Ru
Sif Muna
Trog
Uskayaw
Vehumet
Xom
Yredelemnul
Lugonu

Shops:
D:1 :   D:2 [:*

Portals:
Abyss: D:5

#.. ...#.... .
####..#...#'.. . #
#... .. ....## # ###
#.. #.. .. ... # ..
. ##.##### ........
#..##..#...###......
## ### ..§##§###.
...#....
#....§#§§#.# .##.#..
.# .....§§@####.
###.###
...#####§x§.##..###
..## .# ####...#..#
.∩ . #.....# .#.. #
......#.# # ....
...#. ... # . . #.
... # .. .. ... ##
... #. . #


You could see a small abomination.


Message History

Unknown command.
You hit the ogre. You freeze the ogre. You bite the ogre, but do no damage.
You hit the ogre. You freeze the ogre. The ogre misses you.
You hit the ogre. You freeze the ogre. You bite the ogre. You drain its power.
You kill the ogre!
You can now pass through a line of other dancers.
Things that are here:
a +0 giant club {mace}; an ogre corpse
d - 7 poisoned darts {throwing} (gained 1)
There is an open door here.
You can no longer pass through a line of other dancers.
d - 8 poisoned darts {throwing} (gained 1) Unknown command.
d - 9 poisoned darts {throwing} (gained 1)
d - 10 poisoned darts {throwing} (gained 1)
There is an open door here.
You open the door.
There is an open door here.
There is an open door here.
There is an open door here.
There is an open door here.
There is an open door here.
There is an open door here.
There is an open door here.
Unknown command.
Press: ? - help, v - describe, . - travel
Here: a kobold, wielding a +0 whip of distortion (wandering, hasn't noticed you, fire blocked by a runed translucent door)
The floor.
Unknown command.
Unknown command.
Unknown command.
Unknown command.
Unknown command.
Unknown command.
Unknown command.
Unknown command.
You fade into invisibility!
Unknown command.
You open the large door.
Danger!
There is a large open translucent door here.
Unknown command.
There is a corrupted altar of Lugonu here.
Unknown command.
Press < or > to pray at altars.
The kobold brigand shouts!
You hear a shout!
The kobold shouts!
The kobold hits you with a +0 whip of distortion.
Space warps horribly around you!
With a swish of your cloak, you release a cloud of fog.
You hear a shout!
The kobold brigand closely misses you.
Unknown command.
You catch the helpless kobold brigand completely off-guard!
You impale the kobold brigand!! You freeze the kobold brigand.
You kill the kobold brigand!
The kobold barely misses you.
Unknown command.
Things that are here:
a +1 rapier of distortion {!wshort}; 5 curare-tipped darts {=fthrowing}; a kobold corpse You hit the kobold.
You freeze the kobold. Your bite misses the kobold. The kobold misses you.
You can now pass through a line of other dancers.
Unknown command.
You closely miss the kobold. Your bite misses the kobold.
Unknown command.
You hit the kobold but do no damage.
You flicker for a moment.
The kobold hits you but does no damage. Space warps around you.
The kobold misses you. The kobold hits you but does no damage.
Space warps around you.
Unknown command.
You hit the kobold but do no damage. You bite the kobold.
You kill the kobold!
The kobold barely misses you. The kobold hits you but does no damage.
You are cast into the Abyss!
This branch contains the abyssal rune of Zot.
Unknown command.
Unknown command.
Unknown command.
Unknown command.
You flicker back into view.
A small abomination comes into view.
The small abomination hits you!
Danger!
You hit the small abomination. You freeze the small abomination.
You bite the small abomination. You drain its power.
You feel invigorated.
The small abomination closely misses you.
You hit the small abomination. You freeze the small abomination.
The small abomination hits you!!
* * * LOW HITPOINT WARNING * * *
With a swish of your cloak, you release a cloud of fog.
Unknown command.
You barely miss the small abomination. The small abomination hits you!
* * * LOW HITPOINT WARNING * * *
With a swish of your cloak, you release a cloud of fog.
Unknown command.
You hit the small abomination. You freeze the small abomination.
You bite the small abomination, but do no damage.
The small abomination hits you!
You die...

Skill      XL: |  1  2  3  4  5  6  7  8 |
---------------+-------------------------+-----
Short Blades   | 2 3 4 |  4.4
Stealth        | 5 6 7 9 10 11 | 11.4
Dodging        | 1 2 3 |  3.0
Fighting       | 2 |  2.0
Throwing       | |  1.7

Action                   |  1- 3 |  4- 6 |  7- 9 || total
-------------------------+-------+-------+-------++-------
Melee: Dagger            |    86 |   188 |   115 ||   389
       Bite              |    20 |    34 |    35 ||    89
       Punch             |       |     4 |     2 ||     6
Throw: Stone             |       |    12 |       ||    12
       Dart              |       |     4 |     5 ||     9
  Use: Scroll            |       |    14 |     2 ||    16
       Potion            |       |     3 |     1 ||     4
 Stab: Sleeping          |     5 |    15 |    10 ||    30
       Paralysed         |       |       |     2 ||     2
       Invisible         |       |       |     1 ||     1
Armor: Robe              |    31 |    37 |    27 ||    95
       Skin              |       |    32 |       ||    32
Dodge: Dodged            |    49 |    70 |    52 ||   171

Levels and vault maps discovered:
D:1:      onia_arrival_zoo_common, layout_basic,
          chequers_ecumenical_altar_island, nicolae_shop_vocational
D:2:      layout_basic, serial_shops, nicolae_shop_stone, shop, shop_statue,
          minmay_misc_feat_diagonals
D:3:      layout_basic, grunt_gozag_breadcrumbs, cheibrodos_sewer_entry_bend
D:4:      layout_rooms, minmay_temple_entry_nine_rooms, nrook_loot_triangle,
          uniq_robin
D:5:      due_chaos_kobolds, layout_loops_corners, grunt_ministairs_4
Temple:   nicolae_temple_bog_church
Abyss:1:  base:
D:4

Notes
Turn   | Place    | Note
-------+----------+-------------------------------------------
     0 | D:1      | Sobieck the Vine Stalker Brigand began the quest for the
                  | Orb.
     0 | D:1      | Reached XP level 1. HP: 11/11 MP: 2/2
     6 | D:1      | Noticed a wyvern
     6 | D:1      | Noticed a swamp worm
     6 | D:1      | Noticed a water moccasin
     6 | D:1      | Noticed a wolf
     6 | D:1      | Noticed an iguana
    83 | D:1      | Reached skill level 2 in Short Blades
    83 | D:1      | Reached skill level 5 in Stealth
   235 | D:1      | Reached XP level 2. HP: 13/15 MP: 3/3
   622 | D:1      | Found a faded altar of an unknown god.
   838 | D:1      | Reached XP level 3. HP: 16/18 MP: 4/4
   897 | D:1      | Found Pojextar's Vocational Training.
  1193 | D:1      | Reached skill level 6 in Stealth
  1489 | D:2      | Found Mazeohiho's Assorted Antiques.
  1680 | D:2      | Bought a scroll labelled ENUABLI XAFUO for 28 gold pieces
  1713 | D:2      | Gained mutation: Your natural rate of healing is unusually
                  | fast. [Vine Stalker growth]
  1713 | D:2      | Reached XP level 4. HP: 23/23 MP: 5/5
  1753 | D:2      | Reached skill level 7 in Stealth
  1864 | D:2      | You pick up a book of Conjurations {@e2} and begin
                  | reading...
  1864 | D:2      | You add the spells Magic Dart, Searing Ray and Fulminant
                  | Prism to your library.
  1884 | D:2      | Found Sapn's Book Shop.
  1995 | D:2      | Found Sanius's Antique Armour Boutique.
  2539 | D:2      | Bought a scroll labelled NIF TINU UFY for 28 gold pieces
  2576 | D:3      | Found a glowing drain.
  2610 | Sewer    | Entered a sewer
  2651 | Sewer    | Reached XP level 5. HP: 26/26 MP: 6/6
  2665 | Sewer    | Noticed Pargi
  2766 | Sewer    | Killed Pargi
  2767 | Sewer    | Reached skill level 8 in Stealth
  2803 | D:3      | You pick up a book of Flames and begin reading...
  2803 | D:3      | You add the spells Foxfire, Kindle Blastsparks, Inner Flame
                  | and Flame Wave to your library.
  2841 | D:3      | You pick up a book of Scorching and begin reading...
  2841 | D:3      | You add the spells Scorch and Summon Cactus Giant to your
                  | library.
  2932 | D:3      | Reached skill level 9 in Stealth
  2932 | D:3      | Reached XP level 6. HP: 30/30 MP: 7/7
  3293 | D:3      | Found an opulent altar of Gozag.
  3388 | D:3      | Noticed a water moccasin
  3396 | D:3      | HP: 7/30 [water moccasin (1)]
  3403 | D:3      | HP: 9/45 [water moccasin (1)]
  3430 | D:3      | Killed a water moccasin
  3857 | D:4      | Reached skill level 10 in Stealth
  3891 | D:4      | Identified a scroll of acquirement
  3891 | D:4      | Acquired the +2 cloak of the Thief {*Fog Slay-2 SInv
                  | Stlth+}
  3891 | D:4      | Found the +2 cloak of the Thief {*Fog Slay-2 SInv Stlth+}
  4004 | D:4      | Found a staircase to the Ecumenical Temple.
  4013 | D:4      | Reached skill level 1 in Dodging
  4014 | D:4      | You pick up a book of Blood and begin reading...
  4014 | D:4      | You add the spells Sublimation of Blood, Wereblood and
                  | Summon Hydra to your library.
  4019 | Temple   | Entered the Ecumenical Temple
  4045 | Temple   | Became a worshipper of Uskayaw the Reveller
  4132 | D:4      | Reached XP level 7. HP: 34/34 MP: 8/8
  4134 | D:4      | Noticed Robin
  4151 | D:4      | Reached * piety under Uskayaw
  4157 | D:4      | Reached ** piety under Uskayaw
  4163 | D:4      | Reached *** piety under Uskayaw
  4164 | D:4      | Killed Robin
  4165 | D:4      | Reached skill level 2 in Fighting
  4170 | D:4      | Reached **** piety under Uskayaw
  4551 | D:5      | Entered Level 5 of the Dungeon
  4702 | D:5      | Reached skill level 3 in Short Blades
  4702 | D:5      | Reached skill level 2 in Dodging
  4743 | D:5      | Gained mutation: You have razor-sharp teeth. [Vine Stalker
                  | growth]
  4743 | D:5      | Reached XP level 8. HP: 39/39 MP: 9/9
  4943 | D:5      | Reached skill level 3 in Dodging
  4943 | D:5      | Reached skill level 11 in Stealth
  5180 | D:5      | Reached skill level 4 in Short Blades
  5198 | D:5      | Found a large runed translucent door.
  5198 | D:5      | Found a large runed translucent door.
  5204 | D:5      | Found a corrupted altar of Lugonu.
  5311 | D:5      | Found a one-way gate to the infinite horrors of the Abyss.
  5365 | D:5      | You pick up a book of Winter and begin reading...
  5365 | D:5      | You add the spells Ozocubu's Armour, Metabolic Englaciation
                  | and Simulacrum to your library.
  5632 | D:5      | You are cast into the Abyss!
  5632 | Abyss:1  | Cast into level 1 of the Abyss (kobold)
  5714 | Abyss:1  | HP: 9/39 [small abomination (9)]
  5715 | Abyss:1  | Slain by a small abomination

Vanquished Creatures
  2 water moccasins
  Pargi (Sewer)
  2 ogres (D:5)
  2 phantoms (D:5)
  A kobold brigand (D:5)
  2 scorpions (D:5)
  A howler monkey (D:4)
  A jelly (D:5)
  2 hounds
  3 iguanas
  Robin (D:4)
  3 gnolls (D:5)
  7 adders
  6 worms
  2 dart slugs
  9 ball pythons
  8 bats
  5 endoplasms
  4 giant cockroaches
  15 goblins
  8 hobgoblins
  8 jackals
  4 quokkas
  9 frilled lizards
  8 kobolds
  2 rats (D:1)
116 creatures vanquished.

Table legend:
 A = Non-vault XP
 B = Vault XP
 C = Vault XP percentage of total XP
 D = Non-vault monster count
 E = Vault monster count
 F = Vault count percentage of total count
                 A         B        C        D         E       F
            +---------+---------+-------+---------+---------+-------
      Total |    1393 |     373 |  21.1 |      88 |      28 |  24.1
            +---------+---------+-------+---------+---------+-------
        D:1 |      36 |       0 |   0.0 |      19 |       0 |   0.0
        D:2 |     115 |       0 |   0.0 |      27 |       0 |   0.0
        D:3 |     212 |       5 |   2.3 |      24 |       1 |   4.0
        D:4 |     138 |      34 |  19.8 |       6 |      11 |  64.7
        D:5 |     892 |     181 |  16.9 |      12 |       4 |  25.0
      Sewer |       0 |     153 | 100.0 |       0 |      12 | 100.0
            +---------+---------+-------+---------+---------+-------

Illustrated notes

Table legend:
 A = Kills in this place as a percentage of kills in entire the game.
 B = Kills by you in this place as a percentage of kills by you in the entire game.
 C = Kills by friends in this place as a percentage of kills by friends in the entire game.
 D = Other kills in this place as a percentage of other kills in the entire game.
 E = Experience gained in this place as a percentage of experience gained in the entire game.
 F = Experience gained in this place divided by the number of levels of this place that you have seen.
                   A       B       C       D       E      F
               +-------+-------+-------+-------+-------+----------------------
         Total | 100.0 | 100.0 |   N/A |   N/A | 100.0 | 220.8
       Dungeon |  89.7 |  89.7 |   N/A |   N/A |  91.3 | 322.6
         Sewer |  10.3 |  10.3 |   N/A |   N/A |   8.7 | 153.0
               +-------+-------+-------+-------+-------+----------------------

Table legend: (Time is in decaauts)
 A = Elapsed time spent in this place.
 B = Non-inter-level travel time spent in this place.
 C = Inter-level travel time spent in this place.
 D = Time resting spent in this place.
 E = Time spent auto-exploring this place.
 F = Levels seen in this place.
 G = Mean time per level.
                   A        B        C        D        E       F      G
               +--------+--------+--------+--------+--------+-----+--------+
         Total |   5715 |   5464 |    251 |    196 |   4022 |   8 |  714.4 |
       Dungeon |   5370 |   5137 |    233 |    196 |   3919 |   5 | 1074.0 |
        Temple |     44 |     26 |     18 |      0 |      8 |   1 |   44.0 |
         Abyss |     81 |     81 |      0 |      0 |     75 |   1 |   81.0 |
         Sewer |    217 |    217 |      0 |      0 |     20 |   1 |  217.0 |
               +--------+--------+--------+--------+--------+-----+--------+

Top non-repeatable levels by time:
     D:1: 1284 daAuts
     D:2: 1266 daAuts
     D:3: 1154 daAuts
     D:5: 1068 daAuts
     D:4: 596 daAuts
   Sewer: 217 daAuts
 Abyss:1: 81 daAuts
  Temple: 44 daAuts
